 Dungeon Sprint DCSS version 0.31-a0-879-g1609e0ac53 (webtiles) character file.

Game seed: 15778768871090633356

191 rocky1 the Nimble (level 6, 0/48 HPs)
             Began as a Djinni Gladiator on Oct 15, 2023.
             Slain by a necrophage (6 damage)
             ... in the Dungeon (Sprint II: "The Violet Keep of Menkaure").
             The game lasted 00:00:25 (32 turns).

rocky1 the Nimble (Djinni Gladiator)                  Turns: 32, Time: 00:00:26

Health: 0/48       AC:  4    Str: 13    XL:     6   Next: 1%
Gold:   0          EV: 16    Int: 10    God:
                   SH:  0    Dex: 16

rFire   + + .        a - +0 long sword
rCold   x . .        (no shield)
rNeg    . . .        b - +0 leather armour
rPois   ∞            c - +0 helmet
rElec   .            (no cloak)
rCorr   .            (no gloves)
SInv    .            (boots unavailable)
Will    .....        (no amulet)
Stlth   +            (no ring)
HPRegen 0.28/turn    (no ring)
MPRegen 0.00/turn

%: no teleportation, infuse magic (-1 HP)
@: on berserk cooldown, flying, slowed, very slow
A: sickness immunity, fire resistance 2, cold vulnerability 1, float, innate
caster, HP casting, extra vitality 1
a: no special abilities


You were in the Dungeon.
You visited 1 branch

Inventory:

Hand Weapons
 a - a +0 long sword (weapon)
Missiles
 d - 3 throwing nets (quivered)
 e - a javelin
Armour
 b - a +0 leather armour (worn)
 c - a +0 helmet (worn)
Scrolls
 j - a scroll of blinking
Potions
 f - a potion of curing
 g - a potion of heal wounds
 h - a potion of haste


   Skills:
 + Level 4.6 Fighting
 + Level 7.4 Long Blades
 - Level 1.5 Throwing
 + Level 1.5 Armour
 + Level 8.2 Dodging


You knew the following spells:

 Your Spells              Type           Power      Damage    Failure   Level
a - Foxfire               Conj/Fire      0%         2x1d4     43%         1
b - Call Imp              Summ           0%         N/A       58%         2
Your spell library was empty.

Dungeon Overview and Level Annotations

Branches:
Dungeon (1/1)

Altars:


Innate Abilities, Weirdness & Mutations

You are immune to sickness and miasma.
You are immune to poison.
Your flesh is very heat resistant. (rF++)
You are vulnerable to cold. (rC-)
You float through the air rather than walking.
You learn spells naturally, not from books.
Your magical power is your life essence.
You have superior vitality. (+4 MHP)


Message History

You barely miss the necrophage.
The necrophage is heavily damaged.
The necrophage misses you. The necrophage closely misses you.
You completely miss the necrophage.
The necrophage is heavily damaged.
The necrophage misses you.
You hit the necrophage.
The necrophage is heavily damaged.
The necrophage hits you.
* * * LOW HITPOINT WARNING * * *
The necrophage closely misses you.
You hit the necrophage.
The necrophage is severely damaged.
The necrophage barely misses you. The necrophage completely misses you.
You barely miss the necrophage.
The necrophage is severely damaged.
The necrophage barely misses you.
You slash the necrophage!
You destroy the necrophage!
The necrophage misses you.
Your Long Blades skill increases to level 7!
Your Dodging skill increases to level 8!
You have reached level 6!
Unknown command.
You hit the necrophage but do no damage.
The necrophage hits you!
* * * LOW HITPOINT WARNING * * *
You closely miss the necrophage. The necrophage hits you.
* * * LOW HITPOINT WARNING * * *
The necrophage barely misses you.
You hit the necrophage but do no damage.
The necrophage misses you.
You completely miss the necrophage. The necrophage closely misses you.
The necrophage misses you.
You hit the necrophage but do no damage.
The necrophage hits you.
* * * LOW HITPOINT WARNING * * *
You barely miss the necrophage. The necrophage closely misses you.
The necrophage hits you.
You die...

# #+# .##
##.##...#
+.<@n$#
##.##...#
#+# .## #


You could see a necrophage.

Vanquished Creatures
  3 necrophages (D)
3 creatures vanquished.

Vanquished Creatures (others)
  Menkaure (D)
1 creature vanquished.

Grand Total: 4 creatures vanquished

Notes
Turn   | Place    | Note
-------+----------+-------------------------------------------
     0 | D        | rocky1 the Djinni Gladiator began the quest for the Orb.
     0 | D        | Reached XP level 1. HP: 18/18 MP: 0/0
     1 | D        | Noticed a necrophage
     1 | D        | Noticed a necrophage
     1 | D        | Noticed a necrophage
     1 | D        | Noticed a necrophage
     3 | D        | Killed Menkaure
     7 | D        | Killed a necrophage
     8 | D        | Reached skill level 5 in Long Blades
     8 | D        | Reached skill level 6 in Dodging
     8 | D        | Reached XP level 2. HP: 21/25 MP: 0/0
     8 | D        | Reached XP level 3. HP: 26/30 MP: 0/0
     8 | D        | Learned a level 1 spell: Foxfire
     8 | D        | Reached XP level 4. HP: 30/35 MP: 0/0
    13 | D        | Killed a necrophage
    14 | D        | Reached skill level 1 in Armour
    14 | D        | Reached skill level 7 in Dodging
    14 | D        | Reached XP level 5. HP: 32/41 MP: 0/0
    14 | D        | Learned a level 2 spell: Call Imp
    27 | D        | Reached skill level 8 in Dodging
    27 | D        | Reached XP level 6. HP: 12/48 MP: 0/0
    32 | D        | Slain by a necrophage

Illustrated notes

Levels and vault maps discovered:
D:        the_violet_keep_of_menkaure [sprint2_stairs_cluster_1,
          sprint2_shoproom, sprint2_temple, sprint2_basic_supplies,
          sprint2_obstacle_2, sprint2_obstacle_4, sprint2_obstacle_1,
          sprint2_obstacle_5, sprint2_obstacle_6, sprint2_timed_cluster_1,
          sprint2_smallroom_cluster_1, sprint2_smallroom_final_cluster_1,
          sprint2_transparent_cluster_1, sprint2_second_timed_cluster_1,
          sprint2_sniper_area_1, sprint2_heavy_combat_area_1,
          sprint2_mutation_trap_area_1, sprint2_forest_area_1,
          sprint2_light_combat_area_1, sprint2_behind_water_1,
          sprint2_near_end_vault_1]

Skill      XL: |  1  2  3  4  5 |
---------------+----------------+-----
Fighting       | 3 4 |  4.6
Long Blades    | 5 6 7 |  7.4
Dodging        | 6 7 8 |  8.2
Armour         | 1 |  1.5
Throwing       | |  1.5

Action                     |  1- 3 |  4- 6 || total
---------------------------+-------+-------++-------
  Melee: Long sword        |     5 |    24 ||    29
    Use: Potion            |     1 |       ||     1
 Armour: Leather armour    |     3 |    11 ||    14
  Dodge: Dodged            |       |    19 ||    19

Table legend: (Time is in decaauts)
 A = Elapsed time spent in this place.
 B = Non-inter-level travel time spent in this place.
 C = Inter-level travel time spent in this place.
 D = Time resting spent in this place.
 E = Time spent auto-exploring this place.
 F = Levels seen in this place.
 G = Mean time per level.
                   A        B        C        D        E       F      G
               +--------+--------+--------+--------+--------+-----+--------+
         Total |     37 |     37 |      0 |      0 |      0 |   1 |   37.0 |
       Dungeon |     37 |     37 |      0 |      0 |      0 |   1 |   37.0 |
               +--------+--------+--------+--------+--------+-----+--------+

Top non-repeatable levels by time:
       D: 37 daAuts
